 Dungeon Crawl Stone Soup version 0.31-a0-198-g2ad674f65e (webtiles) character file.

Game seed: 1701690592446640599

70 qw the Shooter (level 4, 0/25 HPs)
             Began as a Deep Elf Hunter on June 25, 2023.
             Slain by a kobold brigand
             ... wielding a +0 whip
              (5 damage)
             ... in a sewer.
             The game lasted 00:00:30 (1391 turns).

qw the Shooter (Deep Elf Hunter)                    Turns: 1391, Time: 00:00:30

Health: 0/25       AC:  8    Str: 10    XL:     4   Next: 3%
Magic:  6/6        EV: 11    Int: 14    God:
Gold:   76         SH:  0    Dex: 18    Spells: 3/3 levels left

rFire   . . .        Y - +2 shortbow
rCold   . . .        (shield currently unavailable)
rNeg    . . .        g - +0 ring mail
rPois   .            (no helmet)
rElec   .            (no cloak)
rCorr   .            (no gloves)
SInv    .            l - +2 pair of boots
Will    .....        (no amulet)
Stlth   +            (no ring)
HPRegen 0.24/turn    (no ring)
MPRegen 0.10/turn

%: no passive effects
@: very slow
A: no striking features
a: no special abilities


You were in a sewer.
You visited 1 branch of the dungeon, and saw 3 of its levels.
You also visited: Sewer.

You collected 76 gold pieces.


   Skills:
 - Level 1.5 Fighting
 + Level 7.4 Ranged Weapons
 - Level 2.4 Dodging
 - Level 1.2 Stealth


You had 3 spell levels left.
You didn't know any spells.
Your spell library was empty.

Inventory:

Hand Weapons
 Y - a +2 shortbow (weapon)
Armour
 g - a +0 ring mail (worn)
 l - a +2 pair of boots (worn)
Scrolls
 b - a scroll of identify
Potions
 c - a potion of invisibility {unknown}
 d - a potion of curing {unknown}
 e - a potion of resistance {unknown}
 f - a potion of enlightenment {unknown}
 h - a potion of magic {unknown}
 i - a potion of mutation {unknown}
 k - a potion of haste

Dungeon Overview and Level Annotations

Branches:
Dungeon (3/15)              Sewer (1/1)

Altars:


Message History

You feel very sick.
You shoot an arrow.
The arrow barely misses the kobold brigand.
You feel very sick.
1383 ||| DRINKING potion of heal wounds.
You feel much better.
You feel sick.
You shoot an arrow.
The arrow closely misses the kobold brigand.
You feel sick. The kobold brigand closely misses you.
The kobold brigand splashes around in the water.
You shoot an arrow.
The arrow hits the kobold brigand but does no damage.
The kobold brigand is lightly wounded.
You feel sick. The kobold brigand closely misses you.
You shoot an arrow.
The arrow closely misses the kobold brigand.
You feel sick.
You are no longer poisoned.
The kobold brigand closely misses you.
The kobold brigand hits you but does no damage.
You shoot an arrow. The arrow hits the kobold brigand.
The kobold brigand is moderately wounded.
The kobold brigand splashes around in the water.
The kobold brigand closely misses you.
You shoot an arrow.
The arrow barely misses the kobold brigand.
The kobold brigand closely misses you. x2
You shoot an arrow. The arrow hits the kobold brigand!
The kobold brigand is heavily wounded.
You feel yourself speed up.
The kobold brigand hits you with a +0 whip. x2
You shoot an arrow.
The arrow hits the kobold brigand but does no damage.
The kobold brigand is heavily wounded.
The kobold brigand hits you with a +0 whip.
You shoot an arrow. The arrow hits the kobold brigand.
The kobold brigand is severely wounded.
The kobold brigand hits you with a +0 whip.
You die...

##### #. .#.#.#
#~ ~#~#)# #~
~#~#~# ~#~#~#~#
~~~#~~~#
#~###.## #K#
#~# #@###~#
#~~~~~# ##~~.##
#.~.# #...# .#
##~~.# ~.~#
##~.~.#
~~.~#####~.~~~#
..~~~~..~.~~~##


You could see a kobold brigand.

Vanquished Creatures
  2 river rats (D:3)
  An adder (D:2)
  A dart slug (D:2)
  An orc (D:3)
  5 endoplasms
  3 giant cockroaches
  2 goblins
  2 hobgoblins (D:1)
  2 quokkas
  3 ball pythons
  6 bats
  2 frilled lizards
  4 kobolds
  9 rats
43 creatures vanquished.

Notes
Turn   | Place    | Note
-------+----------+-------------------------------------------
     0 | D:1      | qw the Deep Elf Hunter began the quest for the Orb.
     0 | D:1      | Reached XP level 1. HP: 12/12 MP: 3/3
     0 | D:1      | 0 ||| qw: Version: 0.3-a-22-g0ed2b0b
     0 | D:1      | 0 ||| qw: Game counter: 5346
     0 | D:1      | 0 ||| qw: Melee chars always use a shield: true
     0 | D:1      | 0 ||| qw: God list: Okawaru
     0 | D:1      | 0 ||| qw: Allow faded altars: false
     0 | D:1      | 0 ||| qw: Do Orc after clearing Dungeon:15 true
     0 | D:1      | 0 ||| qw: Do second Lair branch before Depths: true
     0 | D:1      | 0 ||| qw: Lair rune preference: random
     0 | D:1      | 0 ||| qw: Goals: Normal
     0 | D:1      | 0 ||| PLANNING D:1-11
   213 | D:1      | Reached XP level 2. HP: 16/16 MP: 4/4
   219 | D:1      | Reached skill level 6 in Ranged Weapons
   605 | D:1      | 605 ||| UPGRADING to +0 ring mail.
   615 | D:1      | 615 ||| DROPPING +0 leather armour.
   616 | D:1      | 616 ||| UPGRADING to +0 pair of boots.
   621 | D:1      | 621 ||| READING scroll labelled QAENODDUACY.
   622 | D:1      | 622 ||| READING scroll labelled TEJ GUPEYDIUMN.
   623 | D:1      | 623 ||| READING 3 scrolls labelled VUROUF FEOTU.
   624 | D:1      | 624 ||| READING 2 scrolls of enchant armour.
   624 | D:1      | 624 ||| ENCHANTING +0 pair of boots.
   625 | D:1      | 625 ||| READING scroll of enchant armour.
   625 | D:1      | 625 ||| ENCHANTING +1 pair of boots.
   626 | D:1      | 626 ||| READING scroll labelled TEYM NOXZAT.
   727 | D:1      | 727 ||| DROPPING scroll of butterflies.
   776 | D:2      | 776 ||| STAIRDANCE
   847 | D:2      | 847 ||| FLEEEEING.
   912 | D:2      | Reached XP level 3. HP: 20/20 MP: 5/5
  1180 | D:2      | 1180 ||| READING 2 scrolls labelled WOAT KIEROTAW.
  1181 | D:2      | 1181 ||| DRINKING 2 dark potions.
  1228 | D:3      | 1228 ||| PLANNING SEWER
  1289 | D:3      | Reached skill level 7 in Ranged Weapons
  1318 | D:3      | Reached XP level 4. HP: 25/25 MP: 6/6
  1318 | D:3      | Found a glowing drain.
  1319 | D:3      | 1319 ||| DRINKING 2 glowing clear potions.
  1326 | Sewer    | Entered a sewer
  1364 | Sewer    | 1364 ||| READING scroll of enchant weapon.
  1364 | Sewer    | 1364 ||| ENCHANTING +1 shortbow.
  1376 | Sewer    | Noticed a kobold brigand
  1382 | Sewer    | HP: 6/25 [poisoned by a kobold brigand (curare-tipped
                  | dart)]
  1383 | Sewer    | 1383 ||| DRINKING potion of heal wounds.
  1389 | Sewer    | HP: 6/25 [kobold brigand/+0 whip (5)]
  1391 | Sewer    | Slain by a kobold brigand

Levels and vault maps discovered:
D:1:      minmay_arrival_shattered_statue, layout_loops_ring
D:2:      layout_rooms
D:3:      layout_basic, nicolae_hepliaklqana_hazy_memory,
          mainiacjoe_overflow_chevrons, zin_treasury, portal_sewer_entry_b,
          uniq_jessica, uniq_grinder
Sewer:    sewer_co_tree

Skill      XL: |  1  2  3 |
---------------+----------+-----
Ranged Weapons | 6 7 |  7.4
Fighting       | |  1.5
Dodging        | |  2.4
Stealth        | |  1.2

Action                     |  1- 3 |  4- 6 || total
---------------------------+-------+-------++-------
   Fire: Shortbow          |    79 |    15 ||    94
    Use: Scroll            |     7 |     1 ||     8
         Potion            |     1 |     2 ||     3
 Armour: Leather armour    |     4 |       ||     4
         Ring mail         |     6 |     1 ||     7
  Dodge: Dodged            |    16 |     7 ||    23

Table legend:
 A = Non-vault XP
 B = Vault XP
 C = Vault XP percentage of total XP
 D = Non-vault monster count
 E = Vault monster count
 F = Vault count percentage of total count
                 A         B        C        D         E       F
            +---------+---------+-------+---------+---------+-------
      Total |      66 |      34 |  34.0 |      36 |       7 |  16.3
            +---------+---------+-------+---------+---------+-------
        D:1 |      31 |       0 |   0.0 |      23 |       0 |   0.0
        D:2 |      28 |       0 |   0.0 |      10 |       0 |   0.0
        D:3 |       7 |      31 |  81.6 |       3 |       5 |  62.5
      Sewer |       0 |       3 | 100.0 |       0 |       2 | 100.0
            +---------+---------+-------+---------+---------+-------
